 Dungeon Crawl Stone Soup version 0.22-a0-445-g8c8ef71 (webtiles) character file.

108 Gorglomux the Shield-Bearer (level 4, -1/42 HPs)
             Began as a Deep Dwarf Fighter on June 2, 2018.
             Killed by nerve-wracking pain
             ... invoked by Grinder
              (6 damage)
             ... while paralysed by Grinder
             ... on level 3 of the Dungeon.
             The game lasted 00:01:16 (1116 turns).

Gorglomux the Shield-Bearer (Deep Dwarf Fighter)    Turns: 1116, Time: 00:01:17

Health: -1/42      AC: 10    Str: 21    XL:     4   Next: 58%
Magic:  4/4        EV:  2    Int:  8    God:
Gold:   95         SH:  0    Dex: 12    Spells: 3/3 levels left

rFire    . . .     SeeInvis .   a - +0 war axe
rCold    . . .     Gourm    .   c - +0 shield
rNeg     . . .     Faith    .   b - +0 scale mail
rPois    .         Spirit   .   (no helmet)
rElec    .         Reflect  .   (no cloak)
rCorr    .         Harm     .   h - +2 pair of gloves
MR       .....                  (no boots)
Stlth    ..........             (no amulet)
HPRegen  0.00/turn              (no ring)
MPRegen  0.09/turn              (no ring)

@: paralysed, non-regenerating
A: damage resistance, heal wounds, sense surroundings 1, no regeneration
a: Heal Wounds


You were on level 3 of the Dungeon.
You were not hungry.

You visited 1 branch of the dungeon, and saw 3 of its levels.

You collected 95 gold pieces.

Inventory:

Hand Weapons
 a - a +0 war axe (weapon)
Armour
 b - a +0 scale mail (worn)
 c - a +0 shield (worn)
 h - a +2 pair of gloves (worn)
 K - a +0 large shield
Jewellery
 g - a +5 amulet of reflection {unknown}
Wands
 I - a wand of iceblast (13)
Scrolls
 j - 2 scrolls of fear {unknown}
 l - 5 scrolls of identify {unknown}
 m - a scroll of teleportation {unknown}
 n - 2 scrolls of remove curse {unknown}
 J - a scroll of immolation {unknown}
 N - a scroll of random uselessness {unknown}
Potions
 d - a potion of might
 k - a potion of mutation {unknown}
 L - a potion of curing {unknown}
Comestibles
 f - 6 rations
 M - 21 chunks of flesh


   Skills:
 + Level 3.3 Fighting
 + Level 3.2 Axes
 + Level 4.1 Armour
 + Level 4.1 Shields


You had 3 spell levels left.
You didn't know any spells.
Your spell library was empty.

Dungeon Overview and Level Annotations

Branches:
Dungeon (3/15)

Altars:
Dithmenos

Annotations:
D:3 Grinder


Innate Abilities, Weirdness & Mutations

You are resistant to damage.
You can heal yourself by infusing magical energy.
You passively map a small area around you.
You do not regenerate.


Message History

Grinder hits you but does butt damage!
You can move again!
Unknown command!
Unknown command!
You feel much better!
Grinder gestures at butt!
Pain shoots through your body!!!
You butt-ly miss Grinder!
Grinder hits you!!!
You writhe in agony!
Grinder gestures at you! Pain shoots through your body!!!
Your shield and scale mail prevent you from hitting Grinder!
Grinder gestures at you!
Butt suddenly lose the ability to move!!!
Grinder gestures at you!
Pain shoots through your butt!!! * * * don't butt
* * * Grinder hits you butt does no damage!
Grinder gestures at you! Pain shoots through your body!!! rip

#.........# #.#######.# #.#
#.# #.# #.#
###########.#######.# ###
#............[....#.#
##.###.#########.#####.#.#
### ###.#.##.#########.#
#.#.# ..##
#..###.....@5....#.# #.#.#
##.#
#.#.#.##.#######.#.#####.#.#
#.###.##.# #.# #.........#
##.....#### #.# ######..###
..###### #.# * #.## .## #.#
#.# .# * ..# * , *#.# .. ..
,, ... ###* * * * ##.#.


You could see Grinder.

Vanquished Creatures
  Robin (D:3)
  2 adders
  2 oozes
  A worm (D:3)
  A dart slug (D:2)
  A leopard gecko (D:1)
  3 orcs (D:3)
  A ball python (D:2)
  4 bats
  2 giant cockroaches
  10 goblins
  12 hobgoblins
  4 jackals (D:2)
  7 kobolds
  4 frilled lizards
  3 rats (D:2)
58 creatures vanquished.

Notes
Turn   | Place    | Note
-------+----------+-------------------------------------------
     0 | D:1      | Gorglomux the Deep Dwarf Fighter began the quest for the Orb.
     0 | D:1      | Reached XP level 1. HP: 20/20 MP: 1/1
   121 | D:1      | Reached XP level 2. HP: 24/27 MP: 2/2
   140 | D:1      | Found a shadowy altar of Dithmenos.
   358 | D:2      | Reached skill level 3 in Fighting
   379 | D:2      | Reached XP level 3. HP: 26/34 MP: 3/3
   574 | D:2      | Found a faded altar of an unknown god.
   865 | D:3      | Reached skill level 3 in Axes
   939 | D:3      | Reached XP level 4. HP: 26/42 MP: 4/4
   985 | D:3      | Noticed Robin
  1000 | D:3      | Killed Robin
  1103 | D:3      | Noticed Grinder
  1105 | D:3      | Paralysed by Grinder for 6 turns
  1113 | D:3      | Paralysed by Grinder for 4 turns
  1116 | D:3      | Killed from afar by Grinder

Vault maps used:
D:1:      eino_arrival_cavern_c, minmay_tree_intersection, minmay_hexomino_r4
D:2:      chequers_ecumenical_altar_grove
D:3:      first_ration, uniq_robin, uniq_jessica, uniq_grinder

Skill      XL: |  1  2  3  4 |
---------------+-------------+-----
Fighting       | 3 |  3.3
Axes           | 3 |  3.2
Armour         | 4 |  4.1
Shields        | 4 |  4.1

Action                   |  1- 3 |  4- 6 || total
-------------------------+-------+-------++-------
Melee: War axe           |   134 |    54 ||   188
 Abil: Heal Wounds       |       |     1 ||     1
  Eat: Chunk             |       |     1 ||     1
Armor: Scale mail        |    75 |    22 ||    97
Dodge: Dodged            |    48 |    17 ||    65
Block: Shield            |    84 |    24 ||   108

Table legend:
 A = Spawn XP
 B = Non-spawn XP
 C = Spawn XP percentage of total XP
 D = Spawn monster count
 E = Non-spawn monster count
 F = Spawn count percentage of total count
 G = Total turns spent on level
                    A         B        C        D         E        F      G
               +---------+---------+-------+---------+---------+-------+---------
         Total |       0 |     155 |   0.0 |       0 |      58 |   0.0 |  1116
               +---------+---------+-------+---------+---------+-------+---------
           D:1 |       0 |      31 |   0.0 |       0 |      14 |   0.0 |   303
           D:2 |       0 |      49 |   0.0 |       0 |      22 |   0.0 |   491
           D:3 |       0 |      75 |   0.0 |       0 |      22 |   0.0 |   322
               +---------+---------+-------+---------+---------+-------+---------
